 Dungeon Sprint DCSS version 0.31-a0-920-g28cbb04a8c (webtiles) character file.

Game seed: 3804807808105757917

7968 sircluck the Brawler (level 11, -1/127 HPs)
             Began as a Troll Berserker on Oct 17, 2023.
             Was the Champion of Trog.
             Slain by an orc knight
             ... wielding a +0 bardiche
              (23 damage)
             ... in the Dungeon (Sprint VII: "The Pits").
             The game lasted 00:02:55 (876 turns).

sircluck the Brawler (Troll Berserker)               Turns: 876, Time: 00:02:56

Health: -1/127     AC:  4    Str: 31    XL:     11   Next: 3%
Magic:  10/10      EV: 18    Int:  3    God:    Trog [******]
Gold:   0          SH:  0    Dex: 12    Spells: 10/10 levels left

rFire   . .          .
                       - Unarmed
rCold   . . .        (no shield)
rNeg    . . .        a - +0 animal skin
rPois   .            (helmet restricted)
rElec   .            (no cloak)
rCorr   .            (gloves unavailable)
SInv    .            (boots unavailable)
Will    .....        (no amulet)
Stlth   +            k - +3 ring of dexterity
HPRegen 1.21/turn    l - +3 ring of evasion
MPRegen 0.12/turn

%: no teleportation
@: flayed
A: large, unfitting armour, claws 3, regeneration 1, shaggy fur 1, tough skin 1
a: Renounce Religion, Berserk, Trog's Hand, Brothers in Arms


You were in the Dungeon.
You worshipped Trog.
Trog was exalted by your worship.
You visited 1 branch

Inventory:

Armour
 a - a +0 animal skin (worn)
Jewellery
 k - a +3 ring of dexterity (left claw)
 l - a +3 ring of evasion (right claw)
Scrolls
 g - a scroll of blinking
 i - 2 scrolls of vulnerability
 j - a scroll of butterflies
Potions
 b - 6 potions of curing
 c - 14 potions of heal wounds
 d - a potion of haste
 e - 4 potions of magic
 f - 3 potions of berserk rage
 h - 2 potions of invisibility
 m - a potion of resistance


   Skills:
 + Level 13.6 Fighting
 + Level 13.4 Dodging
 + Level 15.7 Unarmed Combat


You had 10 spell levels left.
You didn't know any spells.
Your spell library was empty.

Dungeon Overview and Level Annotations

Branches:
Dungeon (1/1)

Altars:
Ashenzari
Cheibriados
Dithmenos
Elyvilon
Fedhas
Gozag
Hepliaklqana
Kikubaaqudgha
Makhleb
Nemelex Xobeh
Okawaru
Qazlal
Ru
Sif Muna
Trog
Uskayaw
Vehumet
Wu Jian
Xom
Yredelemnul
Zin
The Shining One
Jiyva
Lugonu


Innate Abilities, Weirdness & Mutations

You are too large for most types of armour.
You have claws for hands.
Your natural rate of healing is unusually fast.
You are covered in fur. (AC +1)
You have tough skin. (AC +1)


Message History

You kill the minotaur!
Trog accepts your kill.
The flayed ghost cries, "Suffer as I suffered!"
Terrible wounds open up all over your body!
You have reached level 11!
Unknown command.
You eviscerate the bullfrog!!!
You kill the bullfrog!
Trog accepts your kill.
You mangle the orc!!
You kill the orc!
Trog accepts your kill.
The orc knight shouts!
You hear a shout!
The flayed ghost hits you!
There is an open door, spattered with blood here.
Things that are here:
a +0 club; 3 javelins; a +0 plate armour You mangle the flayed ghost!!
The flayed ghost is moderately damaged.
The orc knight roars a battlecry!
The orc goes into a battle-frenzy!
The flayed ghost closely misses you.
You mangle the flayed ghost!!
The flayed ghost is severely damaged.
The orc knight hits you from afar with a +0 bardiche!!
The flayed ghost hits you!!
You closely miss the flayed ghost.
The flayed ghost is severely damaged.
You closely miss the flayed ghost.
The flayed ghost is severely damaged.
The orc hits you with a +0 flail. The flayed ghost closely misses you.
An ogre comes into view. It is wielding a +0 giant spiked club.
The orc knight closely misses you.
The flayed ghost attacks as it pursues you!
The flayed ghost hits you!!
* * * LOW HITPOINT WARNING * * *
You mangle the flayed ghost!!
The flayed ghost is almost destroyed.
The orc knight hits you from afar with a +0 bardiche!!
You die...

......# '######
'######### #######
.........# .......
.........+ .......
.#####...#####+##.......
.))..#..........oo.O....
.#)..#.†......##W##....o
.#...#.#####..#.@.# ###
.#####.+...#..#...# .#..
.......#.†.'..##'##..'..
.....).#...#.†)..)...###
+###...#††.#.)))........
...))..#†###...####+##..
...#).)))).....#
...#...))......+
################


You could see an orc knight, a flayed ghost and an orc (strong).

Vanquished Creatures
  A minotaur (D)
  A swamp dragon (D)
  A lindwurm (D)
  A phantasmal warrior (D)
  A wolf spider (D)
  An eye of devastation (D)
  A gargoyle (D)
  2 komodo dragons (D)
  Prince Ribbit (D)
  4 blink frogs (D)
  A dream sheep (D)
  A vampire (D)
  2 floating eyes (D)
  2 black bears (D)
  An ogre (D)
  4 wolves (D)
  A centaur (D)
  2 bullfrogs (D)
  5 wights (D)
  A quasit (D)
  4 orc priests (D)
  An iron imp (D)
  A hell rat (D)
  3 orc wizards (D)
  An adder (D)
  2 gnolls (D)
  A river rat (D)
  An ufetubus (D)
  A worm (D)
  4 orcs (D)
  A bat skeleton (D)
  A giant cockroach (D)
  3 goblins (D)
  A hobgoblin (D)
  3 jackals (D)
  A kobold (D)
  A ball python (D)
  A bat (D)
  A quokka skeleton (D)
  A rat (D)
67 creatures vanquished.

Vanquished Creatures (collateral kills)
  A death yak (D)
  Sonja (D)
  2 wargs (D)
  A gnoll sergeant (D)
  Jessica (D)
  2 orc wizards (D)
  3 gnolls (D)
  A worm (D)
  An orc (D)
  A giant cockroach (D)
14 creatures vanquished.

Grand Total: 81 creatures vanquished

Notes
Turn   | Place    | Note
-------+----------+-------------------------------------------
     0 | D        | sircluck the Troll Berserker began the quest for the Orb.
     0 | D        | Reached XP level 1. HP: 22/22 MP: 0/0
    24 | D        | Found a bloodstained altar of Trog.
    24 | D        | Found a shimmering blue altar of Sif Muna.
    24 | D        | Found a viscous altar of Jiyva.
    24 | D        | Found a hazy altar of Hepliaklqana.
    24 | D        | Found an opulent altar of Gozag.
    25 | D        | Found a glowing golden altar of the Shining One.
    25 | D        | Found a glowing silver altar of Zin.
    25 | D        | Found a basalt altar of Yredelemnul.
    25 | D        | Found a shimmering altar of Xom.
    25 | D        | Found an ornate altar of the Wu Jian Council.
    25 | D        | Found a sacrificial altar of Ru.
    25 | D        | Found a stormy altar of Qazlal.
    25 | D        | Found an iron altar of Okawaru.
    25 | D        | Found a sparkling altar of Nemelex Xobeh.
    25 | D        | Found a burning altar of Makhleb.
    25 | D        | Found a blossoming altar of Fedhas.
    25 | D        | Found a white marble altar of Elyvilon.
    25 | D        | Found a shadowy altar of Dithmenos.
    25 | D        | Found a snail-covered altar of Cheibriados.
    28 | D        | Found a corrupted altar of Lugonu.
    28 | D        | Found a radiant altar of Vehumet.
    29 | D        | Found an ancient bone altar of Kikubaaqudgha.
    29 | D        | Found a hide-covered altar of Uskayaw.
    29 | D        | Found a broken altar of Ashenzari.
    72 | D        | Reached ** piety under Trog
    81 | D        | Reached *** piety under Trog
    82 | D        | Reached skill level 4 in Unarmed Combat
    82 | D        | Reached XP level 2. HP: 29/31 MP: 1/1
    83 | D        | Noticed a floating eye
    87 | D        | Killed a floating eye
    88 | D        | Reached skill level 5 in Fighting
    88 | D        | Reached skill level 5 in Dodging
    88 | D        | Reached skill level 6 in Unarmed Combat
    88 | D        | Reached XP level 3. HP: 42/42 MP: 2/2
    88 | D        | Reached XP level 4. HP: 50/50 MP: 3/3
   108 | D        | Reached **** piety under Trog
   138 | D        | Noticed a warg
   138 | D        | Noticed a warg
   145 | D        | Reached XP level 5. HP: 57/57 MP: 4/4
   152 | D        | Noticed Jessica
   158 | D        | Killed a warg
   159 | D        | Reached skill level 7 in Unarmed Combat
   159 | D        | Reached XP level 6. HP: 47/68 MP: 5/5
   160 | D        | Killed a warg
   161 | D        | Reached skill level 8 in Unarmed Combat
   164 | D        | Reached ***** piety under Trog
   166 | D        | Killed Jessica
   167 | D        | Reached skill level 9 in Unarmed Combat
   176 | D        | Reached XP level 7. HP: 49/79 MP: 6/6
   199 | D        | Noticed a dream sheep
   201 | D        | Killed a dream sheep
   201 | D        | Received a gift from Trog
   203 | D        | Noticed Prince Ribbit
   210 | D        | Killed Prince Ribbit
   211 | D        | Reached skill level 10 in Unarmed Combat
   289 | D        | Reached XP level 8. HP: 92/92 MP: 7/7
   376 | D        | Noticed a komodo dragon
   384 | D        | Killed a komodo dragon
   384 | D        | Reached ****** piety under Trog
   385 | D        | Reached skill level 11 in Unarmed Combat
   404 | D        | Noticed a lindwurm
   412 | D        | Killed a lindwurm
   413 | D        | Reached skill level 10 in Fighting
   413 | D        | Reached skill level 10 in Dodging
   417 | D        | Received a gift from Trog
   418 | D        | Reached skill level 12 in Unarmed Combat
   420 | D        | Reached XP level 9. HP: 102/102 MP: 8/8
   483 | D        | Noticed a gargoyle
   485 | D        | Paralysed by a floating eye for 2 turns
   489 | D        | Killed a gargoyle
   489 | D        | Received a gift from Trog
   497 | D        | Paralysed by a floating eye for 2 turns
   535 | D        | Noticed a komodo dragon
   543 | D        | Killed a komodo dragon
   544 | D        | Reached skill level 13 in Unarmed Combat
   587 | D        | Noticed a phantasmal warrior
   598 | D        | Killed a phantasmal warrior
   600 | D        | Identified the +9 quarterstaff of Trog's Hatred {flame, rF+
                  | Str+3} (Trog gifted it to you in the Dungeon)
   600 | D        | Received a gift from Trog
   642 | D        | Received a gift from Trog
   645 | D        | Reached XP level 10. HP: 89/115 MP: 9/9
   650 | D        | Reached skill level 14 in Unarmed Combat
   721 | D        | Noticed a death yak
   722 | D        | Noticed a swamp dragon
   722 | D        | Noticed Sonja
   735 | D        | Killed a death yak
   739 | D        | Killed a swamp dragon
   742 | D        | Killed Sonja
   742 | D        | Identified the +1 rapier of the Postmodern Curses {heavy,
                  | rCorr Str+3 Int-5 Stlth+} (Trog gifted it to you in the
                  | Dungeon)
   742 | D        | Received a gift from Trog
   743 | D        | Reached skill level 15 in Unarmed Combat
   813 | D        | Noticed a wolf spider
   819 | D        | Killed a wolf spider
   822 | D        | Noticed an eye of devastation
   827 | D        | Killed an eye of devastation
   859 | D        | Noticed a minotaur
   860 | D        | Noticed a flayed ghost
   861 | D        | Noticed an orc knight
   867 | D        | Killed a minotaur
   868 | D        | Reached XP level 11. HP: 95/127 MP: 10/10
   876 | D        | Slain by an orc knight

Illustrated notes

Levels and vault maps discovered:
D:        pitsprint [storerooms_1, entrance_room_1, metal_vault_8, armoury_1,
          mini_pit_1, grid_room_1, main_hall_1, silver_pit, the_coven_1,
          the_vestibule_1, steel_vault_2, golden_pit, hallway_of_sentries,
          crystal_vault_2, iron_vault_3, final_vault]

Skill      XL: |  1  2  3  4  5  6  7  8  9 10 |
---------------+-------------------------------+-----
Fighting       | 3 5 6 7 9 10 12 13 | 13.6
Dodging        | 3 5 6 7 8 10 11 13 | 13.4
Unarmed Combat | 4 6 7 9 10 12 13 15 | 15.7

Action                     |  1- 3 |  4- 6 |  7- 9 | 10-12 || total
---------------------------+-------+-------+-------+-------++-------
  Melee: Unarmed           |    17 |    17 |   110 |    49 ||   193
         Punch             |       |       |     4 |     5 ||     9
 Invoke: Brothers in Arms  |       |     1 |       |     2 ||     3
         Berserk           |       |       |     1 |       ||     1
   Stab: Sleeping          |       |       |     1 |       ||     1
 Armour: Animal skin       |     8 |     9 |    74 |    37 ||   128
  Dodge: Dodged            |     5 |    14 |    63 |    46 ||   128

Table legend: (Time is in decaauts)
 A = Elapsed time spent in this place.
 B = Non-inter-level travel time spent in this place.
 C = Inter-level travel time spent in this place.
 D = Time resting spent in this place.
 E = Time spent auto-exploring this place.
 F = Levels seen in this place.
 G = Mean time per level.
                   A        B        C        D        E       F      G
               +--------+--------+--------+--------+--------+-----+--------+
         Total |    840 |    840 |      0 |    247 |    206 |   1 |  840.0 |
       Dungeon |    840 |    840 |      0 |    247 |    206 |   1 |  840.0 |
               +--------+--------+--------+--------+--------+-----+--------+

Top non-repeatable levels by time:
       D: 840 daAuts
